TOP OF THE 1ST |
Athletic Club KC Academy batting - Pitching for Northville Eclipse : LHP Luis Arreola
|
Pitching: LHP Luis Arreola
|
|
Batting: LHB Tsai Ng
|
0-0: Foul Ball, location: 2F 0-1: Swinging Strike 0-2: Ball 1-2: Ball 2-2: SOLO HOME RUN (Flyball, 9D), Distance : 405 ft
|
Batting: RHB Jesús Vargas
|
0-0: Ball 1-0: Called Strike 1-1: Ball 2-1: Swinging Strike 2-2: Ball 3-2: Strikes out swinging
|
Batting: LHB Tony García
|
0-0: Ball 1-0: Ball 2-0: Ball 3-0: Called Strike 3-1: Ground out 3-1 (Groundball, 34S)
|
Batting: RHB Andrés Medina
|
0-0: Called Strike 0-1: Foul Ball, location: 2F 0-2: Ball 1-2: Ball 2-2: Foul Ball, location: 2F 2-2: Ball 3-2: SOLO HOME RUN (Flyball, 78XD), Distance : 432 ft
|
Batting: LHB Matt Herman
|
0-0: Ball 1-0: Ball 2-0: Called Strike 2-1: Ball 3-1: Called Strike 3-2: Base on Balls
|
Batting: LHB Héctor Barrios
|
0-0: Foul Ball, location: 2F 0-1: Fly out, F5 (Popup, 56)
|
Top of the 1st over - 2 run(s), 2 hit(s), 0 error(s), 1 left on base; Athletic Club KC Academy 2 - Northville 0 |
BOTTOM OF THE 1ST |
Northville Eclipse batting - Pitching for Athletic Club KC Academy : RHP Ramón Márquez
|
Pitching: RHP Ramón Márquez
|
|
Batting: RHB Alfonso Grappasonni
|
0-0: Ball 1-0: Ball 2-0: Ball 3-0: Base on Balls
|
Batting: LHB Darrell Woodmansee
|
0-0: Ball 1-0: Swinging Strike 1-1: Ball 2-1: Ball 3-1: Base on Balls Alfonso Grappasonni to second
|
Batting: RHB Augusto Rocha
|
0-0: Called Strike Alfonso Grappasonni steals 3rd base Darrell Woodmansee to second 0-1: Ball 1-1: DOUBLE (Flyball, 89D) Alfonso Grappasonni scores Darrell Woodmansee scores
|
Batting: LHB Koen van den Bogaert
|
0-0: Ball 1-0: Called Strike 1-1: Foul Ball, location: 2F 1-2: Ground out 4-3 (Groundball, 4) Augusto Rocha to third
|
Batting: RHB Cosmo Bjorkenheim
|
0-0: Called Strike 0-1: Ball 1-1: Ball 2-1: Called Strike 2-2: Fly out, F7 (Flyball, 7)
|
Batting: RHB Luis Guerrero
|
0-0: Ball 1-0: Ball 2-0: Foul Ball, location: 2F 2-1: Ball 3-1: Base on Balls
|
Batting: RHB Ghislain Vespucci
|
0-0: Called Strike 0-1: Ball 1-1: Ball 2-1: Fly out, F8 (Flyball, 8LM)
|
Bottom of the 1st over - 2 run(s), 1 hit(s), 0 error(s), 2 left on base; Athletic Club KC Academy 2 - Northville 2 |
TOP OF THE 2ND |
Athletic Club KC Academy batting - Pitching for Northville Eclipse : LHP Luis Arreola
|
Batting: RHB Fernando Rodríguez
|
0-0: Ground out 6-3 (Groundball, 6)
|
Batting: SHB Gerald Merendino
|
0-0: SINGLE (Groundball, 4MD)
|
Batting: RHB Mauro Valverde
|
0-0: Called Strike 0-1: Swinging Strike 0-2: Ball 1-2: Ball Wild Pitch! Gerald Merendino to second 2-2: Foul Ball, location: 2F 2-2: Strikes out swinging
|
Batting: LHB Tsai Ng
|
0-0: Foul Ball, location: 2F 0-1: Foul Ball, location: 2F 0-2: SINGLE (Groundball, 34) (infield hit) Gerald Merendino to third
|
Batting: RHB Jesús Vargas
|
0-0: Called Strike 0-1: Ball 1-1: Called Strike 1-2: Fly out, F7 (Line Drive, 7)
|
Top of the 2nd over - 0 run(s), 2 hit(s), 0 error(s), 2 left on base; Athletic Club KC Academy 2 - Northville 2 |
BOTTOM OF THE 2ND |
Northville Eclipse batting - Pitching for Athletic Club KC Academy : RHP Ramón Márquez
|
Batting: RHB John Townsend
|
0-0: Ball 1-0: Ball 2-0: SINGLE (Line Drive, 7)
|
Batting: LHB Octávio Ontiveros
|
0-0: Called Strike 0-1: Ball 1-1: Ball 2-1: SINGLE (Line Drive, 34) John Townsend to second
|
Batting: RHB Alfonso Grappasonni
|
0-0: Called Strike 0-1: Ball 1-1: Ground out 5-3 (Groundball, 56S) John Townsend to third Octávio Ontiveros to second
|
Batting: LHB Darrell Woodmansee
|
0-0: Called Strike 0-1: 3-RUN HOME RUN (Flyball, 89XD), Distance : 427 ft
|
Pitching: RHP Bruce Holloman
|
|
Batting: RHB Augusto Rocha
|
0-0: Ball 1-0: Ball 2-0: Ball 3-0: Base on Balls
|
Batting: LHB Koen van den Bogaert
|
0-0: Called Strike Augusto Rocha steals 2nd base 0-1: Called Strike 0-2: Ball 1-2: Ball 2-2: Ball 3-2: Foul Ball, location: 2F 3-2: Foul Ball, location: 2F 3-2: SINGLE (Groundball, 4MD) Augusto Rocha to third Runner from 3rd tries for Home, SAFE, throw made home Koen van den Bogaert to second
|
Batting: RHB Cosmo Bjorkenheim
|
0-0: Called Strike 0-1: Foul Ball, location: 2F 0-2: Ball 1-2: SINGLE (Groundball, 34D) Koen van den Bogaert to third
|
Batting: RHB Luis Guerrero
|
0-0: Called Strike 0-1: Ball 1-1: Grounds into double play, 6-4-3 (Groundball, 6)
|
Bottom of the 2nd over - 4 run(s), 5 hit(s), 0 error(s), 1 left on base; Athletic Club KC Academy 2 - Northville 6 |
TOP OF THE 3RD |
Athletic Club KC Academy batting - Pitching for Northville Eclipse : LHP Luis Arreola
|
Batting: LHB Tony García
|
0-0: Fly out, F9 (Flyball, 9LS)
|
Batting: RHB Andrés Medina
|
0-0: Ball 1-0: Ground out 5-3 (Groundball, 5)
|
Batting: LHB Matt Herman
|
0-0: Ball 1-0: Ball 2-0: Ball 3-0: Base on Balls
|
Batting: LHB Héctor Barrios
|
0-0: Ball 1-0: Ball 2-0: Fly out, F7 (Flyball, 7)
|
Top of the 3rd over - 0 run(s), 0 hit(s), 0 error(s), 1 left on base; Athletic Club KC Academy 2 - Northville 6 |
BOTTOM OF THE 3RD |
Northville Eclipse batting - Pitching for Athletic Club KC Academy : RHP Bruce Holloman
|
Batting: RHB Ghislain Vespucci
|
0-0: Ground out 6-3 (Groundball, 6)
|
Batting: RHB John Townsend
|
0-0: Called Strike 0-1: Ball 1-1: Foul Ball, location: 2F 1-2: Strikes out looking
|
Batting: LHB Octávio Ontiveros
|
0-0: Ball 1-0: Foul Ball, location: 2F 1-1: Ball 2-1: Foul Ball, location: 2F 2-2: Foul Ball, location: 2F 2-2: Ground out 1-3 (Groundball, P)
|
Bottom of the 3rd over - 0 run(s), 0 hit(s), 0 error(s), 0 left on base; Athletic Club KC Academy 2 - Northville 6 |
TOP OF THE 4TH |
Athletic Club KC Academy batting - Pitching for Northville Eclipse : LHP Luis Arreola
|
Batting: RHB Fernando Rodríguez
|
0-0: Fly out, F9 (Flyball, 9LM)
|
Batting: SHB Gerald Merendino
|
0-0: Called Strike 0-1: Foul Ball, location: 2F 0-2: Strikes out swinging
|
Batting: RHB Mauro Valverde
|
0-0: Ball 1-0: Ball 2-0: Ball 3-0: Called Strike 3-1: Foul Ball, location: 2F 3-2: Fly out, F5 (Popup, 5S)
|
Top of the 4th over - 0 run(s), 0 hit(s), 0 error(s), 0 left on base; Athletic Club KC Academy 2 - Northville 6 |
BOTTOM OF THE 4TH |
Northville Eclipse batting - Pitching for Athletic Club KC Academy : RHP Bruce Holloman
|
Batting: RHB Alfonso Grappasonni
|
0-0: Ball 1-0: Ball 2-0: Called Strike 2-1: Ball 3-1: Base on Balls
|
Batting: LHB Darrell Woodmansee
|
0-0: Ground out 4-3 (Groundball, 4MS) Alfonso Grappasonni to second
|
Batting: RHB Augusto Rocha
|
0-0: Fly out, F7 (Line Drive, 7)
|
Batting: LHB Koen van den Bogaert
|
0-0: Ball 1-0: Ball 2-0: Ball 3-0: Called Strike 3-1: Base on Balls
|
Batting: RHB Cosmo Bjorkenheim
|
0-0: Ball 1-0: Fielders Choice at 2nd, 6-4 (Groundball, 6)
|
Bottom of the 4th over - 0 run(s), 0 hit(s), 0 error(s), 1 left on base; Athletic Club KC Academy 2 - Northville 6 |
TOP OF THE 5TH |
Athletic Club KC Academy batting - Pitching for Northville Eclipse : LHP Luis Arreola
|
Batting: LHB Tsai Ng
|
0-0: Ball 1-0: Foul Ball, location: 2F 1-1: SINGLE (Groundball, 56D)
|
Batting: RHB Jesús Vargas
|
0-0: Ball 1-0: Foul Ball, location: 2F 1-1: Called Strike 1-2: Fly out, F8 (Line Drive, 78D)
|
Batting: LHB Tony García
|
Pickoff Throw to First - Out! 0-0: Ball 1-0: SINGLE (Groundball, 4MD)
|
Batting: RHB Andrés Medina
|
0-0: Ball 1-0: Fly out, F7 (Flyball, 7)
|
Top of the 5th over - 0 run(s), 2 hit(s), 0 error(s), 1 left on base; Athletic Club KC Academy 2 - Northville 6 |
BOTTOM OF THE 5TH |
Northville Eclipse batting - Pitching for Athletic Club KC Academy : RHP Bruce Holloman
|
Batting: RHB Luis Guerrero
|
0-0: Ball 1-0: Ball 2-0: Swinging Strike 2-1: Ball 3-1: Foul Ball, location: 2F 3-2: Foul Ball, location: 2F 3-2: Foul Ball, location: 2F 3-2: Base on Balls
|
Pitching: RHP Ernesto Lucero
|
|
Batting: RHB Ghislain Vespucci
|
0-0: Ball Luis Guerrero is caught stealing 2nd base 1-0: Foul Ball, location: 2F 1-1: Swinging Strike 1-2: Ball 2-2: Strikes out looking
|
Batting: RHB John Townsend
|
0-0: Called Strike 0-1: Ball 1-1: Ball 2-1: Ground out 6-3 (Groundball, 6S)
|
Bottom of the 5th over - 0 run(s), 0 hit(s), 0 error(s), 0 left on base; Athletic Club KC Academy 2 - Northville 6 |
TOP OF THE 6TH |
Athletic Club KC Academy batting - Pitching for Northville Eclipse : LHP Luis Arreola
|
Batting: LHB Matt Herman
|
0-0: Foul Ball, location: 2F 0-1: Foul Ball, location: 2F 0-2: Strikes out swinging
|
Batting: LHB Héctor Barrios
|
0-0: Called Strike 0-1: Ground out 6-3 (Groundball, 6)
|
Batting: RHB Fernando Rodríguez
|
0-0: Ball 1-0: Fly out, F6 (Popup, 6MD)
|
Top of the 6th over - 0 run(s), 0 hit(s), 0 error(s), 0 left on base; Athletic Club KC Academy 2 - Northville 6 |
BOTTOM OF THE 6TH |
Northville Eclipse batting - Pitching for Athletic Club KC Academy : RHP Ernesto Lucero
|
Batting: LHB Octávio Ontiveros
|
0-0: Foul Ball, location: 2F 0-1: Swinging Strike 0-2: Ball 1-2: Foul Ball, location: 2F 1-2: Ball 2-2: Ground out 3-1 (Groundball, 34)
|
Batting: RHB Alfonso Grappasonni
|
0-0: Ball 1-0: Called Strike 1-1: Foul Ball, location: 2F 1-2: Ball 2-2: Foul Ball, location: 2F 2-2: Ground out 6-3 (Groundball, 6S)
|
Batting: LHB Darrell Woodmansee
|
0-0: Foul Ball, location: 2F 0-1: Called Strike 0-2: Fly out, F1 (Line Drive, 15)
|
Bottom of the 6th over - 0 run(s), 0 hit(s), 0 error(s), 0 left on base; Athletic Club KC Academy 2 - Northville 6 |
TOP OF THE 7TH |
Athletic Club KC Academy batting - Pitching for Northville Eclipse : LHP Luis Arreola
|
Batting: SHB Gerald Merendino
|
0-0: SOLO HOME RUN (Flyball, 7LD), Distance : 352 ft
|
Batting: RHB Mauro Valverde
|
0-0: Foul Ball, location: 2F 0-1: Ball 1-1: Ball 2-1: Foul Ball, location: 2F 2-2: Strikes out swinging
|
Batting: LHB Tsai Ng
|
0-0: Ball 1-0: Ball 2-0: SINGLE (Line Drive, 8RS)
|
Batting: RHB Jesús Vargas
|
0-0: Called Strike 0-1: Called Strike Tsai Ng steals 2nd base 0-2: Fly out, F8 (Flyball, 8LXD) Runner from 2nd tags up, SAFE at 3rd, no throw
|
Batting: LHB Tony García
|
0-0: Ball 1-0: Foul Ball, location: 2F 1-1: Reached on error, E7 (Flyball, 7S) Tsai Ng scores
|
Batting: RHB Andrés Medina
|
0-0: Ball 1-0: Ball Passed Ball! Tony García to third 2-0: Ball 3-0: Called Strike 3-1: DOUBLE (Flyball, 78XD) Tony García scores
|
Batting: LHB Matt Herman
|
0-0: Foul Ball, location: 2F 0-1: Foul Ball, location: 2F 0-2: Strikes out looking
|
Top of the 7th over - 3 run(s), 3 hit(s), 1 error(s), 1 left on base; Athletic Club KC Academy 5 - Northville 6 |
BOTTOM OF THE 7TH |
Northville Eclipse batting - Pitching for Athletic Club KC Academy : RHP Ernesto Lucero
|
Batting: RHB Augusto Rocha
|
0-0: Called Strike 0-1: Fly out, F8 (Flyball, 78M)
|
Batting: LHB Koen van den Bogaert
|
0-0: Ball 1-0: Ball 2-0: Called Strike 2-1: Fly out, F9 (Flyball, 9S)
|
Batting: RHB Cosmo Bjorkenheim
|
0-0: Foul Ball, location: 2F 0-1: Ball 1-1: Foul Ball, location: 2F 1-2: Fly out, F9 (Flyball, 89D)
|
Bottom of the 7th over - 0 run(s), 0 hit(s), 0 error(s), 0 left on base; Athletic Club KC Academy 5 - Northville 6 |
TOP OF THE 8TH |
Athletic Club KC Academy batting - Pitching for Northville Eclipse : LHP Luis Arreola
|
Now at 1B: King Tracy
|
|
Now in CF: José Silva
|
|
Batting: LHB Héctor Barrios
|
0-0: Fly out, F9 (Flyball, 89M)
|
Batting: RHB Fernando Rodríguez
|
0-0: Called Strike 0-1: Fly out, F9 (Line Drive, 9)
|
Batting: SHB Gerald Merendino
|
0-0: Fly out, F4 (Line Drive, 4)
|
Top of the 8th over - 0 run(s), 0 hit(s), 0 error(s), 0 left on base; Athletic Club KC Academy 5 - Northville 6 |
BOTTOM OF THE 8TH |
Northville Eclipse batting - Pitching for Athletic Club KC Academy : RHP Ernesto Lucero
|
Batting: RHB Luis Guerrero
|
0-0: Called Strike 0-1: Ball 1-1: Ball 2-1: Swinging Strike 2-2: Ball 3-2: Strikes out swinging
|
Batting: RHB Ghislain Vespucci
|
0-0: Swinging Strike 0-1: Ball 1-1: Fly out, F6 (Line Drive, 6)
|
Batting: RHB John Townsend
|
0-0: Ball 1-0: Ball 2-0: Fly out, F8 (Flyball, 8RM)
|
Bottom of the 8th over - 0 run(s), 0 hit(s), 0 error(s), 0 left on base; Athletic Club KC Academy 5 - Northville 6 |
TOP OF THE 9TH |
Athletic Club KC Academy batting - Pitching for Northville Eclipse : LHP Luis Arreola
|
Pitching: RHP Rafael Méndez
|
|
Pinch Hitting: RHB Shintaro Yamada
|
0-0: Ball 1-0: Swinging Strike 1-1: Foul Ball, location: 2F 1-2: Ball 2-2: Strikes out looking
|
Batting: LHB Tsai Ng
|
0-0: Ball 1-0: Fly out, F8 (Flyball, 8RM)
|
Batting: RHB Jesús Vargas
|
0-0: Called Strike 0-1: Ball 1-1: Swinging Strike 1-2: Ball 2-2: Ball 3-2: SINGLE (Groundball, 6MD)
|
Batting: LHB Tony García
|
0-0: Ball 1-0: Ball 2-0: Ground out U3 (Groundball, 3)
|
Top of the 9th over - 0 run(s), 1 hit(s), 0 error(s), 1 left on base; Athletic Club KC Academy 5 - Northville 6 |
|